Map: Crête de Lerilak

Players

AmiralPascal

  • Race: Zerg Zerg
  • League: Silver
  • Spawn Location: 5:00

zidar - Winner!

  • Race: Zerg Zerg
  • League: Silver
  • Spawn Location: 7:00

VOD

Have the link to the VOD?

Description

Time

  • Played on: Feb. 18, 2016, 1:43 p.m.
  • Length: 4:51
Show
View Real Time Build Order
Export as new Build Order

AmiralPascal Zerg 

Build Orders: Pool First 

Get SALT Encoding   

  12  0:04  Drone  
  13  0:08  Drone  
  14  0:17  Extractor x2  
  14  0:18  Drone  
  13  0:22  Drone  
  16  0:37  Spawning Pool  
  15  0:43  Overlord  
  15  1:01  Drone x2  
  17  1:08  Extractor  
  16  1:14  Drone x2  
  18  1:26  Queen  
  18  1:32  Evolution Chamber  
  19  1:35  Drone  
  19  1:36  Drone  
  21  1:42  Roach Warren  
  21  2:01  Hatchery, Drone  
  21  2:04  Drone  
  21  2:21  Drone  
  22  2:26  Overlord  
  22  2:29  Zerg Missile Weapons Level 1  
  22  2:37  Extractor  
  22  2:40  Drone  
  25  2:44  Drone x3  
  25  2:51  Drone  
  26  2:59  Drone  
  27  3:15  Queen  
  27  3:17  Extractor  
  27  3:18  Drone  
  29  3:38  Spine Crawler  
  29  3:39  Spine Crawler  
  27  3:43  Spine Crawler  
  25  3:55  Roach x5  
Show
View Real Time Build Order
Export as new Build Order

zidar Zerg - Winner!

Build Orders: Pool First 

Get SALT Encoding   

  12  0:02  Drone  
  13  0:12  Overlord  
  13  0:17  Drone  
  14  0:30  Drone x2  
  14  0:34  Drone  
  17  0:49  Spawning Pool  
  16  0:50  Drone  
  17  0:57  Extractor, Drone  
  17  1:20  Hatchery  
  16  1:36  Queen  
  16  1:38  Overlord  
  18  1:45  Zergling x2  
  19  1:47  Zergling x2  
  20  1:56  Zergling x2  
  22  2:03  Zergling x2  
  23  2:24  Zergling x4  
  23  2:26  Metabolic Boost  
  25  2:33  Baneling Nest  
  24  2:38  Zergling x2  
  25  2:44  Zergling x2  
  25  2:46  Zergling x2  
  25  2:47  Zergling x4  
  29  3:02  Zergling x2  
  30  3:12  Overlord  
  30  3:33  Zergling x2  
  31  3:34  Zergling x6  
  30  4:26  Zergling x2  
  30  4:27  Zergling x6  
  29  4:49  Spine Crawler  
Tags
 
Add a new tag
Caveats
  • Supply blocks, unpowered buildings, or Contaminate may cause inaccurate times.
  • Supply counts are checked every 10 seconds.